 Dungeon Crawl Stone Soup version 0.22.1-1-ga44c0e5 (webtiles) character file.

128 Skuilla the Chucker (level 5, -4/34 HPs)
             Began as a Halfling Hunter on Nov 3, 2018.
             Slain by a gnoll
             ... wielding a +0 halberd
              (11 damage)
             ... on level 3 of the Dungeon on Nov 4, 2018.
             The game lasted 00:36:50 (4453 turns).

Skuilla the Chucker (Halfling Hunter)               Turns: 4453, Time: 00:36:51

Health: -4/34      AC:  8    Str: 13    XL:     5   Next: 33%
Magic:  5/5        EV:  8    Int:  9    God:
Gold:   198        SH:  0    Dex: 16    Spells: 4/4 levels left

rFire    . . .     SeeInvis .   a - +0 short sword
rCold    . . .     Gourm    .   (shield restricted)
rNeg     . . .     Faith    .   D - +0 chain mail (curse)
rPois    .         Spirit   .   (no helmet)
rElec    .         Reflect  .   (no cloak)
rCorr    .         Harm     .   (no gloves)
MR       .....                  (no boots)
Stlth    ..........             (no amulet)
HPRegen  0.11/turn              (no ring)
MPRegen  0.09/turn              (no ring)

@: lethally poisoned (-4 -> -10)
A: small, mutation resistance 1
a: no special abilities


You were on level 3 of the Dungeon.
You were hungry.

You visited 1 branch of the dungeon, and saw 3 of its levels.

You collected 198 gold pieces.

Inventory:

Hand Weapons
 a - a +0 short sword (weapon)
 h - a +0 short sword
 i - a +0 club
 l - a +0 club
 n - a +0 club
 p - a +0 dagger
 q - a +0 whip
 r - a +0 club
 u - a +0 club
 w - a +0 club
 E - a +0 dagger
 I - a +0 dagger
Missiles
 c - a tomahawk (quivered)
 d - 2 throwing nets
 k - 95 stones
 o - 10 arrows
 z - 18 sling bullets
Armour
 b - a +0 leather armour
 g - a +0 ring mail
 v - a +0 ring mail
 y - a +0 robe
 B - a +0 robe
 D - a cursed +0 chain mail (worn)
 F - a +0 leather armour
 J - a +0 leather armour
Wands
 H - a wand of paralysis (6)
Scrolls
 j - 2 scrolls of identify
 m - 5 scrolls of teleportation
 t - 2 scrolls of noise {unknown}
 x - a scroll of fog {unknown}
 C - 2 scrolls of enchant weapon {unknown}
Potions
 e - 3 potions of invisibility {unknown}
 s - a potion of heal wounds {unknown}
 A - a potion of haste {unknown}
 G - a potion of might {unknown}
Comestibles
 f - 7 rations


   Skills:
 + Level 2.2 Fighting
 + Level 2.0 Short Blades
 + Level 5.3 Throwing
 + Level 1.4 Armour
 + Level 2.3 Dodging
 + Level 1.2 Stealth


You had 4 spell levels left.
You didn't know any spells.
Your spell library was empty.

Dungeon Overview and Level Annotations

Branches:
Dungeon (3/15)

Altars:
Uskayaw


Innate Abilities, Weirdness & Mutations

You are small and have problems with some larger weapons.
You are somewhat resistant to further mutation.


Message History

You throw a tomahawk. The tomahawk hits the gnoll.
The gnoll is heavily wounded.
You feel sick.
The gnoll hits you from afar with a halberd!
You hit the gnoll but do no damage.
You feel sick. The gnoll hits you with a club.
The gnoll hits you from afar with a halberd.
* * * LOW HITPOINT WARNING * * *
You hit the gnoll.
The gnoll is lightly wounded.
The gnoll hits you but does no damage. The gnoll barely misses you.
You closely miss the gnoll.
The gnoll is lightly wounded.
You feel sick.
The gnoll hits you but does no damage. x2
You hit the gnoll.
The gnoll is heavily wounded.
The gnoll hits you with a club.
* * * LOW HITPOINT WARNING * * *
The gnoll hits you from afar with a halberd!
You die...

#########
#.......#
#.#####.# #.#
#.# #.# #.#
#.##########.#
#.#
#((...)gg@...#
#.#
.......g######
#.# #######.#
#.# #.#
#####.# ###
#<....#
#######


You could see 3 gnolls.

Vanquished Creatures
  Ijyb (D:3)
  A gnoll (D:3)
  2 adders (D:2)
  An ooze (D:1)
  2 worms (D:2)
  A leopard gecko (D:1)
  5 giant cockroaches
  5 goblins
  6 hobgoblins
  5 jackals (D:2)
  A quokka (D:2)
  8 bats
  6 frilled lizards
  10 kobolds
  8 rats
  2 fungi (D:1)
64 creatures vanquished.

Notes
Turn   | Place    | Note
-------+----------+-------------------------------------------
     0 | D:1      | Skuilla the Halfling Hunter began the quest for the Orb.
     0 | D:1      | Reached XP level 1. HP: 14/14 MP: 1/1
   719 | D:1      | Reached XP level 2. HP: 19/19 MP: 2/2
  1282 | D:1      | Reached XP level 3. HP: 24/24 MP: 3/3
  2018 | D:2      | Reached XP level 4. HP: 13/29 MP: 4/4
  2364 | D:2      | Reached skill level 1 in Short Blades
  2572 | D:2      | Reached skill level 5 in Throwing
  2585 | D:2      | Reached skill level 1 in Armour
  3745 | D:2      | Found a hide-covered altar of Uskayaw.
  4345 | D:3      | Noticed Ijyb
  4362 | D:3      | Paralysed by Ijyb for 4 turns
  4374 | D:3      | Killed Ijyb
  4374 | D:3      | Reached XP level 5. HP: 30/34 MP: 5/5
  4453 | D:3      | Slain by a gnoll

Skill      XL: |  1  2  3  4 |
---------------+-------------+-----
Fighting       | 2 |  2.2
Short Blades   | 2 |  2.0
Throwing       | 5 |  5.3
Armour         | 1 |  1.4
Dodging        | |  2.3
Stealth        | |  1.2

Action                   |  1- 3 |  4- 6 || total
-------------------------+-------+-------++-------
Melee: Short sword       |    88 |   108 ||   196
Throw: Tomahawk          |    54 |    46 ||   100
  Use: Scroll            |       |     1 ||     1
  Eat: Chunk             |     3 |     4 ||     7
       Ration            |       |     1 ||     1
Armor: Leather armour    |     9 |    27 ||    36
       Chain mail        |       |     6 ||     6
Dodge: Dodged            |    52 |    83 ||   135
